 Dungeon Crawl Stone Soup version 0.28.0-1-gb440e238dd (webtiles) character file.

Game seed: 14126973295638068464

245 Morbidden the Firebug (level 5, -3/37 HPs)
             Began as a Demonspawn Fire Elementalist on Feb 20, 2022.
             Was an Initiate of Cheibriados.
             Slain by a gnoll (8 damage)
             ... on level 4 of the Dungeon.
             The game lasted 00:04:47 (3765 turns).

Morbidden the Firebug (DsFE)                        Turns: 3765, Time: 00:04:47

Health: -3/37      AC:  3    Str:  9    XL:     5   Next: 84%
Magic:  2/10       EV: 12    Int: 23    God:    Cheibriados [......]
Gold:   123        SH:  0    Dex: 15    Spells: 8/11 levels left

rFire   + . .      SeeInvis .   o - +8 whip "Vihopput" {flame, rF+ Int+4}
rCold   . . .      Faith    .   (no shield)
rNeg    . . .      Spirit   .   c - +0 robe
rPois   .          Reflect  .   (helmet restricted)
rElec   .          Harm     .   (no cloak)
rCorr   .          Rampage  .   (no gloves)
Will    .....                   q - +0 pair of boots
Stlth   ++........              (no amulet)
HPRegen 0.12/turn               (no ring)
MPRegen 0.12/turn               (no ring)

@: very slow
A: horns 1, powered by pain 1
a: Renounce Religion


You were on level 4 of the Dungeon.
You worshipped Cheibriados.
Cheibriados was noncommittal.
You visited 1 branch of the dungeon, and saw 4 of its levels.

You collected 123 gold pieces.

Inventory:

Hand Weapons
 a - a +1 dagger of electrocution
 j - a +3 dagger
 n - a +0 long sword
 o - the +8 whip "Vihopput" (weapon) {flame, rF+ Int+4}
   (You found it on level 2 of the Dungeon)

   It burns those it strikes, dealing additional fire damage.
   Int:       It affects your intelligence (+4).
   rF:        It protects you from fire.
Missiles
 b - 7 poisoned darts
 g - 7 boomerangs
 h - 6 javelins
Armour
 c - a +0 robe (worn)
 q - a +0 pair of boots (worn)
 t - a +0 pair of gloves
 u - a +0 chain mail
Scrolls
 f - a scroll of vulnerability {unknown}
 p - 2 scrolls of identify {unknown}
 s - a scroll of immolation {unknown}
Potions
 d - a potion of berserk rage {unknown}
 e - 2 potions of flight {unknown}
 i - a potion of invisibility {unknown}
 k - a potion of brilliance {unknown}
 l - 2 potions of curing
 m - 2 potions of mutation {unknown}
 r - a potion of lignification {unknown}
 v - a potion of heal wounds {unknown}


   Skills:
 * Level 1.1 Fighting
 + Level 0.7 Short Blades
 * Level 1.0 Maces & Flails
 + Level 1.9 Dodging
 + Level 1.9 Stealth
 * Level 3.5 Spellcasting
 * Level 1.8 Conjurations
 * Level 4.1 Fire Magic
 * Level 1.0 Invocations


You had 8 spell levels left.
You knew the following spells:

 Your Spells              Type           Power      Damage    Failure   Level
a - Foxfire               Conj/Fire      68%        2x1d7     3%          1
b - Scorch                Fire           46%        2d7       3%          2

Your spell library contained the following spells:

 Spells                   Type           Power      Damage    Failure   Level
 Conjure Flame            Conj/Fire      17%        6-21      10%         3
 Inner Flame              Hex/Fire       13%        N/A       14%         3
 Flame Wave               Conj/Fire      17%        2d6       32%         4


Dungeon Overview and Level Annotations

Branches:
Dungeon (4/15)
 Temple: D:4-7

Altars:
Cheibriados
Makhleb
Zin

Annotations:
D:3 1 runed translucent door, Crazy Yiuf


Innate Abilities, Weirdness & Mutations

You have a pair of small horns on your head.
You sometimes gain a little power by taking damage.


Message History

Press: ? - help, Q - select action, (/) - cycle Dir - look around, f - activate You conjure some foxfire!
The foxfire hits the gnoll shaman!
The gnoll shaman is moderately wounded.
The gnoll shaman closely misses you.
Casting: Foxfire (safe; 3% risk of failure)
Confirm with . or Enter, or press ? or * to list all spells.
You don't have enough magic to cast this spell.
Unknown command.
Casting: Foxfire (safe; 3% risk of failure)
Press: ? - help, Q - select action, (/) - cycle Dir - look around, f - activate You conjure some foxfire!
The foxfire hits the gnoll shaman but does no damage.
The gnoll shaman is moderately wounded.
The foxfire hits the gnoll shaman but does no damage.
The gnoll shaman is moderately wounded.
The foxfire hits the gnoll shaman.
The gnoll shaman is heavily wounded.
Your foxfire dissipates!
The foxfire hits the gnoll shaman but does no damage.
The gnoll shaman is heavily wounded.
The gnoll shaman hits you with a +0 whip! x2
The gnoll shaman mumbles some strange prayers to its god.
The gnoll shaman is healed somewhat.
The gnoll shaman calls upon its god to speed up the gnoll.
The gnoll seems to speed up.
The gnoll hits you with a +0 club.
The gnoll shaman calls upon its god to speed up the gnoll.
The gnoll seems to speed up.
The gnoll closely misses you. x2
The gnoll barely misses you. The gnoll hits you with a +0 club.
* * * LOW HITPOINT WARNING * * *
The gnoll misses you. The gnoll barely misses you.
The gnoll closely misses you. The gnoll hits you with a +0 club.
* * * LOW HITPOINT WARNING * * *
The gnoll hits you with a +0 club.
* * * LOW HITPOINT WARNING * * *
The gnoll hits you with a +0 club!
You die...

#...####...#...
#........#####.
##......## #.
##.†###...#####.
###....###...##...
###.......#.........
#............#....##
###.ggg......##.###.
#@###.........')..
#..###........###.
#...##...##.....#
#........###......
#..#....## .......
#.###...# ........
#####
#.####..^...##..[#
#...###...........
..##
#.#...............
..#


You could see a gnoll shaman and 2 gnolls.

Vanquished Creatures
  A hound (D:4)
  Jessica (D:3)
  2 iguanas (D:4)
  Robin (D:3)
  3 adders
  A gnoll (D:4)
  A worm (D:3)
  5 orcs (D:3)
  5 bats
  4 endoplasms
  4 giant cockroaches
  11 goblins
  8 hobgoblins
  12 jackals
  3 kobolds
  2 quokkas
  4 ball pythons
  A frilled lizard (D:1)
  2 rats
71 creatures vanquished.

Vanquished Creatures (others)
  246 foxfires
246 creatures vanquished.

Grand Total: 317 creatures vanquished

Notes
Turn   | Place    | Note
-------+----------+-------------------------------------------
     0 | D:1      | Morbidden the Demonspawn Fire Elementalist began the quest
                  | for the Orb.
     0 | D:1      | Reached XP level 1. HP: 13/13 MP: 3/3
   221 | D:1      | Reached skill level 3 in Fire Magic
   277 | D:1      | Gained mutation: You have a pair of small horns on your
                  | head. [demonic ancestry]
   277 | D:1      | Reached XP level 2. HP: 19/19 MP: 1/5
   892 | D:1      | Learned a level 2 spell: Scorch
  1126 | D:2      | Found a faded altar of an unknown god.
  1217 | D:2      | Identified the +8 whip "Vihopput" {flame, rF+ Int+4}
  1345 | D:2      | Reached XP level 3. HP: 14/24 MP: 3/6
  2148 | D:3      | Noticed Robin
  2162 | D:3      | Killed Robin
  2163 | D:3      | Reached XP level 4. HP: 17/31 MP: 8/8
  2490 | D:3      | Noticed Jessica
  2507 | D:3      | Killed Jessica
  2879 | D:3      | Found a runed translucent door.
  2880 | D:3      | Noticed Crazy Yiuf
  2908 | D:3      | Found a snail-covered altar of Cheibriados.
  2922 | D:3      | Became a worshipper of Cheibriados the Contemplative
  3033 | D:3      | Gained mutation: You sometimes gain a little power by
                  | taking damage. [demonic ancestry]
  3033 | D:3      | Reached XP level 5. HP: 32/36 MP: 1/9
  3259 | D:3      | Found a burning altar of Makhleb.
  3643 | D:4      | Reached skill level 4 in Fire Magic
  3748 | D:4      | Reached skill level 1 in Fighting
  3750 | D:4      | Reached skill level 1 in Maces & Flails
  3750 | D:4      | Reached skill level 1 in Invocations
  3765 | D:4      | Slain by a gnoll

Illustrated notes

Levels and vault maps discovered:
D:1:      wander_arrival_lonely_grave, layout_rooms
D:2:      layout_basic, basic_ecumenical_altar, kennysheep_generic_room_15
D:3:      layout_basic, cheibriados_altar_1, zin_treasury,
          mainiacjoe_overflow_brackets, uniq_jessica, uniq_crazy_yiuf_cottage,
          uniq_robin
D:4:      layout_layer_cave, minmay_overflow_temple_star_quad

Skill      XL: |  1  2  3  4  5 |
---------------+----------------+-----
Fire Magic     | 3 4 |  4.1
Spellcasting   | 3 |  3.5
Fighting       | 1 |  1.1
Maces & Flails | 1 |  1.0
Invocations    | 1 |  1.0
Short Blades   | |  0.7
Dodging        | |  1.9
Stealth        | |  1.9
Conjurations   | |  1.8

Action                   |  1- 3 |  4- 6 || total
-------------------------+-------+-------++-------
Melee: Dagger            |    32 |       ||    32
       Whip              |    32 |    17 ||    49
       Headbutt          |     9 |     2 ||    11
       Punch             |     1 |       ||     1
 Cast: Foxfire           |    78 |    76 ||   154
       Scorch            |       |     3 ||     3
Armor: Robe              |    11 |    10 ||    21
Dodge: Dodged            |    44 |    33 ||    77
